Map: Ephemeron LE

Players

Neeblet (Neeb) - Winner!

  • Race: Protoss Protoss
  • League: Master
  • Spawn Location: 5:00

Retribution

  • Race: Zerg Zerg
  • League: Master
  • Spawn Location: 11:00

Event: NationWars 2019

VOD

Have the link to the VOD?

Description

Time

  • Played on: Nov. 16, 2019, 2:48 p.m.
  • Length: 9:05
Show
View Real Time Build Order
Export as new Build Order

Neeblet Protoss - Winner!

Build Orders: 1 Gate Expand, Archon Immortal 

Get SALT Encoding   

  12  0:00  Probe  
  13  0:13  Probe  
  14  0:17  Pylon  
  14  0:25  Probe  
  15  0:36  Gateway  
  15  0:38  Probe (Chrono Boost)  
  16  0:48  Probe (Chrono Boost), Assimilator  
  17  0:53  Probe (Chrono Boost)  
  18  1:05  Probe, Gateway  
  19  1:23  Cybernetics Core  
  19  1:40  Nexus  
  19  1:46  Pylon  
  19  1:59  Adept x2 (Chrono Boost)  
  23  2:05  Assimilator  
  24  2:10  Warp Gate  
  24  2:21  Adept x2 (Chrono Boost)  
  23  2:24  Probe  
  28  2:31  Pylon  
  28  2:36  Probe  
  29  2:49  Probe  
  30  2:52  Adept x2  
  30  2:56  Probe  
  35  3:03  Probe (Chrono Boost)  
  36  3:08  Probe (Chrono Boost)  
  37  3:19  Probe x2 (Chrono Boost)  
  39  3:24  Adept x2  
  39  3:26  Probe x2 (Chrono Boost)  
  45  3:35  Pylon  
  45  3:37  Probe (Chrono Boost)  
  45  3:38  Probe (Chrono Boost)  
  47  3:41  Probe (Chrono Boost)  
  47  3:47  Probe (Chrono Boost)  
  49  3:53  Robotics Facility  
  50  3:57  Probe (Chrono Boost)  
  50  3:59  Probe (Chrono Boost)  
  50  4:02  Sentry  
  53  4:03  Stalker  
  53  4:05  Probe (Chrono Boost)  
  53  4:07  Probe (Chrono Boost)  
  57  4:10  Pylon  
  57  4:13  Probe  
  57  4:16  Probe  
  59  4:25  Probe  
  59  4:28  Probe  
  59  4:37  Probe  
  58  4:38  Immortal (Chrono Boost)  
  58  4:40  Probe  
  58  4:42  Assimilator  
  58  4:44  Sentry x2, Assimilator  
  67  4:49  Probe  
  66  4:53  Probe  
  66  5:01  Probe  
  66  5:05  Probe  
  66  5:06  Nexus  
  68  5:08  Pylon  
  68  5:11  Forge  
  68  5:13  Gateway  
  67  5:15  Observer  
  67  5:16  Probe  
  67  5:18  Gateway  
  68  5:24  Stalker  
  68  5:27  Zealot  
  72  5:29  Probe  
  72  5:33  Probe, Shield Battery  
  74  5:36  Immortal (Chrono Boost)  
  74  5:37  Protoss Ground Weapons Level 1  
  78  5:49  Pylon  
  78  5:54  Pylon  
  78  6:01  Twilight Council  
  78  6:06  Pylon  
  78  6:07  Probe x2, Warp Prism (Chrono Boost)  
  82  6:19  Probe x3  
  85  6:26  Gateway  
  85  6:28  Gateway  
  85  6:31  Probe  
  85  6:32  Probe  
  87  6:37  Charge (Chrono Boost), Probe, Immortal (Chrono Boost)  
  92  6:42  Assimilator x2  
  92  6:46  Templar Archives  
  93  6:47  Probe x2  
  93  6:51  Probe  
  95  6:58  Gateway  
  95  7:01  Gateway  
  95  7:03  Zealot  
  95  7:04  Zealot x2  
  95  7:06  Zealot  
  103  7:13  Immortal (Chrono Boost)  
  103  7:17  Pylon  
  107  7:24  Photon Cannon  
  107  7:27  High Templar x2  
  107  7:28  High Templar x2, Zealot  
  117  7:33  Archon x2  
  117  7:44  Pylon x2  
  117  7:46  Zealot  
  117  7:50  Photon Cannon  
  119  7:52  Photon Cannon  
  119  7:55  Zealot  
  119  7:56  Zealot x2  
  125  8:08  High Templar x2  
  125  8:09  Zealot x3  
  135  8:13  Archon  
  133  8:28  Zealot  
  133  8:30  Zealot x5  
  117  8:52  Zealot x3  
  117  8:53  Zealot x5  
  134  8:56  Stargate  
Show
View Real Time Build Order
Export as new Build Order

Retribution Zerg 

Build Orders: Hatch First 

Get SALT Encoding   

  12  0:00  Drone  
  13  0:12  Overlord  
  13  0:16  Drone  
  14  0:30  Drone x2  
  16  0:47  Hatchery  
  15  0:50  Drone  
  15  0:55  Drone  
  17  0:57  Drone  
  18  1:09  Extractor  
  17  1:13  Spawning Pool  
  17  1:16  Drone  
  17  1:20  Drone  
  18  1:29  Drone  
  19  1:39  Drone  
  20  1:49  Drone  
  21  1:59  Queen  
  21  2:00  Overlord, Queen  
  25  2:01  Zergling x2  
  26  2:10  Drone x2  
  26  2:12  Metabolic Boost  
  28  2:22  Zergling x4  
  30  2:32  Drone, Zergling x2  
  30  2:35  Queen  
  34  2:44  Overlord  
  34  2:45  Drone  
  35  2:56  Drone  
  36  3:02  Drone  
  35  3:05  Hatchery  
  35  3:09  Drone x2  
  35  3:11  Zergling x2  
  37  3:17  Zergling x6  
  40  3:22  Queen  
  40  3:25  Drone  
  40  3:26  Drone  
  41  3:36  Queen  
  41  3:37  Overlord  
  43  3:45  Overlord x2  
  43  3:56  Drone x6  
  43  3:58  Drone  
  50  4:07  Drone  
  51  4:22  Zergling x10  
  54  4:26  Drone x3  
  54  4:29  Drone x2  
  54  4:30  Drone  
  52  4:39  Drone  
  52  4:43  Drone x5  
  56  4:46  Zergling x6  
  56  4:49  Drone  
  53  4:53  Zergling x2  
  53  4:56  Zergling x2  
  47  5:07  Drone  
  48  5:15  Drone x4  
  48  5:17  Drone  
  48  5:20  Roach Warren  
  50  5:25  Lair  
  50  5:27  Drone x2  
  52  5:32  Drone x2  
  52  5:33  Drone  
  55  5:40  Drone  
  56  5:45  Drone x5  
  61  5:52  Zergling x8  
  61  5:54  Overlord  
  65  6:00  Zergling x2  
  65  6:02  Overlord  
  65  6:04  Overlord  
  66  6:08  Overlord  
  66  6:11  Extractor  
  65  6:12  Extractor  
  62  6:19  Drone x4  
  62  6:21  Extractor x2  
  62  6:22  Drone  
  62  6:24  Overseer  
  65  6:26  Queen  
  65  6:28  Zergling x2  
  65  6:29  Zergling x16  
  65  6:32  Overlord  
  76  6:41  Spire  
  76  6:44  Overlord  
  74  6:56  Overlord  
  74  7:00  Drone x7  
  74  7:01  Drone  
  82  7:03  Extractor  
  82  7:05  Overlord  
  82  7:07  Glial Reconstitution  
  81  7:11  Drone x4  
  81  7:13  Roach, Infestation Pit  
  86  7:17  Roach x3  
  92  7:41  Hatchery  
  89  7:51  Overlord  
  88  7:56  Overlord  
  88  7:57  Roach x9  
  88  7:58  Roach x2  
  105  8:01  Overlord  
  105  8:04  Overlord  
  105  8:05  Overlord  
  105  8:10  Ravager x4  
  105  8:11  Roach x2  
  113  8:14  Roach x4  
  113  8:18  Ravager  
  113  8:19  Overlord  
  107  8:30  Roach  
  107  8:31  Roach x4  
  109  8:38  Roach x3  
  103  8:45  Roach x5  
Tags
 
Add a new tag
Caveats
  • Supply blocks, unpowered buildings, or Contaminate may cause inaccurate times.
  • Supply counts are checked every 10 seconds.